Map: 어스름 탑

Players

llllllllllll (Scarlett) - Winner!

  • Race: Zerg Zerg
  • League: Grandmaster

llllllllllll

  • Race: Protoss Protoss
  • League: Grandmaster

VOD

Have the link to the VOD?

Description

Time

  • Played on: April 13, 2016, 10:01 a.m.
  • Length: 14:11
Show
View Real Time Build Order
Export as new Build Order

llllllllllll Zerg - Winner!

Build Orders: Hatch First 

Get SALT Encoding   

  12  0:00  Drone  
  13  0:09  Drone  
  14  0:17  Overlord  
  14  0:24  Drone, Extractor  
  15  0:36  Drone  
  15  0:37  Drone  
  17  0:52  Hatchery  
  17  0:55  Drone  
  17  1:00  Drone  
  18  1:09  Extractor  
  18  1:10  Drone  
  18  1:16  Spawning Pool  
  17  1:21  Drone  
  18  1:29  Drone  
  19  1:42  Drone  
  20  1:47  Hatchery  
  19  1:59  Drone  
  20  2:06  Queen  
  20  2:07  Drone  
  20  2:08  Drone  
  24  2:14  Metabolic Boost  
  24  2:17  Drone  
  24  2:20  Zergling x2  
  26  2:25  Overlord  
  26  2:34  Drone x2  
  28  2:44  Zergling x2  
  29  2:45  Queen  
  29  2:48  Queen  
  29  2:51  Zergling x2  
  34  2:55  Drone x2  
  36  3:03  Pneumatized Carapace  
  36  3:05  Drone  
  36  3:06  Drone  
  36  3:08  Drone  
  36  3:11  Drone x2  
  41  3:16  Drone  
  41  3:19  Overlord  
  42  3:26  Evolution Chamber  
  41  3:28  Drone  
  41  3:29  Overlord  
  41  3:34  Overlord  
  42  3:37  Drone x4  
  46  3:42  Spore Crawler  
  46  3:44  Spore Crawler  
  46  3:47  Drone x2  
  46  3:52  Zerg Melee Weapons Level 1  
  44  4:11  Drone  
  44  4:12  Drone x10  
  44  4:15  Queen  
  57  4:26  Drone x4  
  57  4:27  Overlord  
  61  4:31  Extractor  
  61  4:37  Lair  
  61  4:38  Zergling x12  
  65  4:49  Zergling x6  
  68  4:56  Baneling Nest  
  68  4:59  Drone x5  
  72  5:03  Extractor  
  71  5:09  Overlord x3  
  71  5:11  Hatchery  
  70  5:20  Overlord x2  
  70  5:21  Overlord x2  
  70  5:31  Drone x7  
  70  5:34  Drone x2  
  79  5:40  Baneling x4  
  79  5:41  Zergling x2  
  80  5:44  Baneling, Extractor  
  80  5:45  Zergling x2, Extractor  
  80  5:46  Zergling x8  
  83  5:51  Zerg Melee Weapons Level 2  
  83  5:54  Evolution Chamber  
  83  5:56  Drone, Extractor  
  85  5:57  Drone x4  
  86  6:08  Infestation Pit  
  86  6:09  Drone  
  86  6:10  Drone x5  
  89  6:20  Spore Crawler  
  89  6:24  Spore Crawler  
  85  6:25  Drone  
  85  6:26  Drone x2  
  85  6:28  Centrifical Hooks  
  85  6:29  Zergling x12  
  85  6:30  Zergling x4  
  85  6:31  Spore Crawler  
  93  6:38  Drone  
  93  6:39  Drone x6  
  97  6:51  Spore Crawler  
  97  6:52  Drone x3, Spore Crawler  
  97  6:53  Drone x2, Pathogen Glands  
  99  6:54  Hive  
  99  6:55  Drone x3  
  99  6:57  Queen  
  99  7:00  Spore Crawler  
  102  7:02  Drone x4  
  102  7:07  Drone  
  102  7:08  Drone  
  108  7:12  Extractor  
  107  7:25  Spire  
  107  7:28  Infestor x3  
  107  7:29  Queen x2  
  112  7:34  Queen  
  118  7:37  Drone, Extractor  
  118  7:38  Drone x10  
  127  7:46  Overlord x3  
  127  7:52  Overlord x4  
  127  7:57  Zerg Ground Armor Level 1  
  119  8:11  Infestor  
  119  8:12  Infestor x2  
  122  8:17  Zergling x6, Ultralisk Cavern  
  122  8:18  Zergling x16  
  124  8:23  Adrenal Glands  
  124  8:25  Zergling x16  
  130  8:31  Queen  
  132  8:35  Zerg Melee Weapons Level 3  
  126  8:58  Overlord x2, Greater Spire  
  126  9:00  Viper x2  
  132  9:03  Overlord x2  
  132  9:04  Chitinous Plating  
  132  9:10  Spine Crawler  
  132  9:16  Viper  
  134  9:21  Drone x3  
  134  9:22  Drone x4  
  134  9:23  Zergling x20  
  146  9:29  Hatchery  
  145  9:45  Zergling x18, Ultralisk x2  
  160  9:46  Zergling x6  
  160  9:51  Baneling  
  160  9:52  Baneling x11  
  167  9:54  Baneling x5  
  167  10:06  Ultralisk  
  167  10:07  Zergling x12, Overseer  
  179  10:16  Zerg Ground Armor Level 2  
  179  10:26  Zergling x2, Ultralisk  
  179  10:27  Zergling x14  
  192  10:51  Zergling x2, Ultralisk  
  192  10:52  Zergling x2, Zerg Flyer Weapons Level 1  
  192  10:55  Baneling x6  
  192  10:56  Baneling x6  
  190  11:04  Zergling x14  
  145  11:19  Zergling x2  
  145  11:20  Zergling x22  
  110  11:40  Corruptor x8  
  110  11:43  Zergling x2  
  110  11:44  Zergling x2  
  110  11:46  Overseer x2  
  115  11:48  Zergling x6  
  115  11:50  Queen x2  
  122  11:56  Zergling x4  
  124  12:18  Brood Lord x2  
  124  12:19  Brood Lord x3  
  124  12:22  Brood Lord  
  136  12:26  Extractor  
  136  12:27  Drone x3, Extractor  
  136  12:28  Drone x3  
  136  12:29  Spine Crawler, Brood Lord  
  141  12:30  Zergling x12  
  147  12:37  Brood Lord  
  147  12:38  Corruptor  
  147  12:43  Corruptor  
  153  12:51  Zergling x2  
  153  12:52  Zergling x16  
  162  12:58  Spine Crawler  
  162  13:01  Zergling x8  
  162  13:02  Baneling x7  
  165  13:12  Zergling x14  
  172  13:31  Zergling x12  
  172  13:32  Zergling x2  
  172  13:33  Baneling x7  
Show
View Real Time Build Order
Export as new Build Order

llllllllllll Protoss 

Build Orders: 1 Gate Expand, Oracle Opening 

Get SALT Encoding   

  12  0:01  Probe (Chrono Boost)  
  13  0:11  Probe (Chrono Boost)  
  14  0:17  Pylon  
  14  0:22  Probe (Chrono Boost)  
  16  0:35  Probe (Chrono Boost)  
  16  0:37  Gateway  
  16  0:44  Assimilator  
  16  0:46  Probe (Chrono Boost)  
  17  0:57  Probe (Chrono Boost)  
  18  1:07  Probe (Chrono Boost)  
  19  1:18  Probe (Chrono Boost)  
  20  1:22  Nexus  
  20  1:32  Cybernetics Core  
  20  1:34  Probe (Chrono Boost)  
  20  1:39  Assimilator  
  21  1:45  Probe (Chrono Boost)  
  22  1:49  Pylon  
  22  1:55  Probe (Chrono Boost)  
  23  2:07  Probe (Chrono Boost)  
  23  2:08  Adept (Chrono Boost)  
  26  2:14  Stargate  
  26  2:19  Probe (Chrono Boost)  
  27  2:24  Warp Gate  
  27  2:29  Probe (Chrono Boost)  
  28  2:34  Stalker (Chrono Boost), Probe (Chrono Boost)  
  31  2:41  Probe (Chrono Boost)  
  32  2:46  Probe (Chrono Boost)  
  33  2:52  Probe (Chrono Boost)  
  33  2:56  Probe (Chrono Boost)  
  35  3:00  Oracle (Chrono Boost)  
  35  3:03  Probe  
  39  3:06  Probe  
  39  3:11  Gateway  
  40  3:13  Gateway  
  40  3:15  Probe  
  40  3:16  Probe  
  42  3:21  Pylon  
  42  3:28  Mothership Core (Chrono Boost)  
  42  3:31  Probe (Chrono Boost)  
  45  3:41  Pylon  
  45  3:42  Probe (Chrono Boost)  
  45  3:47  Probe (Chrono Boost)  
  51  3:53  Probe (Chrono Boost)  
  51  3:55  Nexus  
  48  3:56  Pylon  
  48  4:04  Probe (Chrono Boost)  
  48  4:09  Probe  
  50  4:13  Phoenix (Chrono Boost)  
  50  4:16  Probe  
  50  4:17  Stargate, Assimilator  
  50  4:20  Probe  
  50  4:21  Assimilator  
  51  4:28  Probe, Adept x2  
  51  4:29  Adept  
  51  4:31  Probe  
  59  4:41  Probe x2, Forge  
  59  4:45  Phoenix (Chrono Boost)  
  63  4:52  Probe  
  63  4:53  Probe  
  63  4:56  Pylon  
  65  5:02  Phoenix (Chrono Boost)  
  65  5:05  Probe  
  65  5:06  Phoenix (Chrono Boost)  
  70  5:07  Probe x2  
  70  5:12  Pylon  
  72  5:17  Probe  
  72  5:18  Probe, Protoss Ground Weapons Level 1 (Chrono Boost)  
  72  5:19  Probe  
  75  5:25  Assimilator  
  75  5:28  Probe  
  75  5:29  Probe, Assimilator  
  75  5:32  Probe  
  75  5:35  Phoenix x2 (Chrono Boost)  
  82  5:39  Probe  
  82  5:41  Probe  
  84  5:44  Probe  
  84  5:45  Sentry  
  84  5:48  Zealot x2  
  84  5:49  Probe  
  91  5:52  Pylon  
  91  5:53  Probe  
  91  5:56  Probe, Phoenix (Chrono Boost)  
  96  5:59  Phoenix (Chrono Boost)  
  96  6:00  Probe  
  99  6:05  Probe  
  99  6:07  Twilight Council  
  100  6:15  Robotics Facility  
  100  6:16  Probe  
  100  6:17  Probe  
  100  6:18  Robotics Facility, Probe  
  103  6:22  Pylon  
  103  6:35  Phoenix x2 (Chrono Boost)  
  103  6:39  Probe  
  107  6:40  Probe x2  
  107  6:41  Charge  
  110  6:48  Dark Shrine  
  110  6:52  Probe  
  111  6:54  Gateway  
  111  6:56  Gateway x2  
  111  6:59  Gateway  
  111  7:00  Gateway  
  111  7:02  Protoss Ground Weapons Level 2 (Chrono Boost)  
  111  7:05  Warp Prism (Chrono Boost)  
  111  7:06  Observer (Chrono Boost)  
  114  7:09  Photon Cannon  
  114  7:12  Photon Cannon  
  114  7:15  Zealot  
  114  7:20  Pylon  
  116  7:29  Observer (Chrono Boost)  
  117  7:33  Pylon  
  117  7:34  Pylon  
  117  7:36  Photon Cannon  
  117  7:42  Forge  
  117  7:43  Pylon  
  117  7:48  Pylon  
  115  7:52  Nexus  
  115  7:53  Immortal x2 (Chrono Boost)  
  123  8:09  Zealot x3  
  123  8:11  Zealot  
  126  8:16  Zealot  
  114  8:20  Zealot  
  114  8:23  Zealot x3  
  124  8:27  Immortal x2 (Chrono Boost)  
  124  8:40  Dark Templar x2  
  124  8:41  Dark Templar x2  
  132  8:42  Dark Templar  
  132  8:43  Dark Templar x3  
  132  8:44  Pylon  
  132  8:46  Nexus  
  140  8:54  Archon x3  
  140  8:55  Archon  
  138  8:57  Probe x2  
  146  9:03  Immortal x2 (Chrono Boost), Protoss Ground Armor Level 1  
  146  9:06  Protoss Shields Level 1  
  146  9:11  Pylon  
  146  9:12  Pylon  
  146  9:26  Dark Templar x3  
  146  9:27  Zealot x2  
  156  9:33  Zealot x3  
  156  9:36  Assimilator  
  162  9:41  Warp Prism (Chrono Boost), Assimilator  
  162  9:42  Immortal (Chrono Boost)  
  158  10:02  Zealot, Dark Templar x3  
  158  10:03  Zealot x4  
  174  10:07  Archon  
  174  10:12  Photon Cannon  
  174  10:13  Photon Cannon  
  174  10:15  Archon, Pylon  
  174  10:16  Archon  
  174  10:17  Pylon  
  174  10:31  Pylon  
  174  10:32  Pylon  
  174  10:39  Immortal x2 (Chrono Boost)  
  182  10:49  Dark Templar x2  
  186  10:50  Dark Templar x4  
  186  10:51  Zealot x2  
  166  11:18  Immortal x2 (Chrono Boost)  
  116  11:26  Zealot  
  116  11:27  Zealot x6  
  116  11:28  Zealot  
  118  11:50  Dark Templar x3  
  118  11:51  Immortal x2 (Chrono Boost), Dark Templar x3  
  118  11:53  Dark Templar  
  140  11:54  Dark Templar  
  140  11:58  Archon x3  
  140  11:59  Archon  
  140  12:01  Probe  
  142  12:02  Probe x3  
  144  12:18  Pylon  
  144  12:23  Nexus  
  144  12:26  Zealot x3, Dark Templar x2  
  144  12:27  Zealot x3  
  160  12:30  Archon  
  160  12:44  Void Ray x2 (Chrono Boost)  
  168  13:03  Fleet Beacon  
  168  13:17  Zealot x3  
  168  13:18  Zealot x5  
  182  13:22  Void Ray (Chrono Boost)  
  182  13:27  Void Ray (Chrono Boost)  
  180  13:46  Dark Templar x3  
  180  13:47  Dark Templar x4  
  180  13:48  Zealot  
  195  13:53  Archon x3  
Tags
 
Add a new tag
Caveats
  • Supply blocks, unpowered buildings, or Contaminate may cause inaccurate times.
  • Supply counts are checked every 10 seconds.